 Dungeon Crawl Stone Soup version 0.18-a0-33-g9e10395 (webtiles) character file.

266 MrRokkomies the Sneak (level 6, -4/47 HPs)
             Began as a Formicid Assassin on Nov 5, 2015.
             Slain by an orc wizard
             ... wielding a +0 dagger
              (6 damage)
             ... on level 12 of the Dungeon.
             The game lasted 00:03:03 (276 turns).

MrRokkomies the Sneak (Formicid Assassin)            Turns: 276, Time: 00:03:03

Health: -4/47      AC:  3    Str: 15    XL:     6   Next: 44%
Magic:  6/6        EV: 12    Int: 13    God:
Gold:   40         SH:  0    Dex: 12    Spells: 0 memorised, 5 levels left

rFire  . . .     SeeInvis +     b - +0 blowgun
rCold  . . .     Clarity  .     c - +0 robe
rNeg   . . .     SustAt   .     (no shield)
rPois  .         Gourm    .     (helmet unavailable)
rElec  .         Spirit   .     d - +0 cloak
rCorr  .         Warding  .     (no gloves)
rMut   .         Stasis   +     (no boots)
MR     .....                    (no amulet)
Stlth  ++++......               (no ring)
                                (no ring)

@: not resistant to hostile enchantments, stealthy
A: permanent stasis, dig shafts and tunnels, four strong arms, antennae 3
a: Dig, Shaft Self


You were on level 12 of the Dungeon.
You were not hungry.

You visited 1 branch of the dungeon, and saw 8 of its levels.

You collected 40 gold pieces.

Inventory:

Hand Weapons
 a - a +2 dagger
 b - a +0 blowgun (weapon)
Missiles
 e - a poisoned needle (quivered)
Armour
 c - a +0 robe (worn)
 d - a +0 cloak (worn)
Jewellery
 m - an uncursed ring of see invisible {unknown}
Wands
 f - a wand of fire (3)
Scrolls
 i - a scroll of identify {unknown}
Potions
 j - a potion of brilliance {unknown}
Comestibles
 g - 2 bread rations
 h - a slice of pizza
 k - a beef jerky


   Skills:
 + Level 3.0 Fighting
 + Level 2.6 Short Blades
 + Level 2.6 Throwing
 + Level 1.4 Dodging
 + Level 7.6 Stealth


You had 5 spell levels left.
You didn't know any spells.

Dungeon Overview and Level Annotations

Branches:
Dungeon (12/15)
 Temple: D:4-7         Lair: D:8-11         Orc: D:9-12

Altars:

Annotations:
D:7 Menkaure


Innate Abilities, Weirdness & Mutations

You are under a permanent stasis effect.
You can dig through walls and to a lower floor.
Your four strong arms can wield two-handed weapons with a shield.
You have a pair of large antennae on your head (SInv).


Message History

The orc wizard gestures at you while chanting.
The magic dart hits you!
* * * LOW HITPOINT WARNING * * *
You miss the orc wizard.
The orc wizard is almost dead.
The orc wizard hits you but does no damage.
The orc wizard hits you with a dagger.
* * * LOW HITPOINT WARNING * * *
You hit the orc wizard.
You kill the orc wizard!
Your Fighting skill increases to level 3!
The orc wizard hits you but does no damage.
b - a +0 blowgun (weapon)
Firing (i - inventory):
e - 2 poisoned needles (quivered)
Press: ? - help, Shift-Dir - straight line, f - orc wizard
Aim: an orc wizard, wielding a dagger and wearing a robe You shoot a poisoned needle.
The poisoned needle hits the orc wizard!
The orc wizard is poisoned.
The orc wizard hits you with a dagger.
You die...

...........#.................
...........'.................
..........#.................
#####
.##......##........########
....#####......##+########
.........................#
...............).........#
...........(...o.........#
...............)@..>.....#
.........................#
(...(.(.)................#
.........................#
.........................#
............(............#
.######################### .#
{ .#


You could see an orc wizard.

Vanquished Creatures
  An orc warrior (D:12)
  An ogre (D:9)
  A hound (D:10)
  An orc wizard (D:12)
  A hound skeleton (D:9)
  2 orcs (D:12)
7 creatures vanquished.

Notes
Turn   | Place    | Note
--------------------------------------------------------------
     0 | D:1      | MrRokkomies the Formicid Assassin began the quest for the Orb.
     0 | D:1      | Reached XP level 1. HP: 16/16 MP: 1/1
    11 | D:1      | You fall through a shaft!
    14 | D:2      | You fall through a shaft for 2 floors!
    17 | D:4      | You fall through a shaft for 3 floors!
    44 | D:7      | Noticed Menkaure
    48 | D:7      | You fall through a shaft for 2 floors!
    58 | D:9      | Noticed an ogre
    73 | D:9      | Killed an ogre
    73 | D:9      | Reached skill level 1 in Dodging
    73 | D:9      | Reached skill level 6 in Stealth
    73 | D:9      | Reached XP level 2. HP: 21/23 MP: 2/2
    73 | D:9      | Reached XP level 3. HP: 25/28 MP: 3/3
    73 | D:9      | Reached XP level 4. HP: 30/34 MP: 4/4
   112 | D:9      | Reached XP level 5. HP: 39/39 MP: 5/5
   127 | D:9      | You fall through a shaft!
   127 | D:10     | Entered Level 10 of the Dungeon
   134 | D:10     | Reached skill level 7 in Stealth
   136 | D:10     | Noticed an ice beast
   154 | D:11     | Noticed an orc warrior
   159 | D:11     | You fall through a shaft!
   221 | D:12     | Noticed an orc warrior
   260 | D:12     | Killed an orc warrior
   260 | D:12     | Reached XP level 6. HP: 32/46 MP: 6/6
   273 | D:12     | HP: 2/46 [orc wizard/dagger (1)]
   276 | D:12     | Slain by an orc wizard

Vault maps used:
D:1:      dpeg_arrival_arbitrary_c
D:2:      first_bread, st_stairs_8, item_on_display_a
D:4:      lemuel_doored_altar
D:7:      nicolae_dithmenos_through_a_glass_darkly, uniq_joseph, uniq_menkaure
D:11:     uniq_gastronok
D:12:     lemuel_ice_spiral_2, orc_david_3, grunt_tengu_nest, minivault_29

Action                   |  1- 3 |  4- 6 || total
-------------------------+-------+-------++-------
Melee: Dagger            |       |    12 ||    12
 Fire: Blowgun           |     5 |    10 ||    15
 Abil: Shaft Self        |     4 |     2 ||     6
 Stab: Sleeping          |       |     2 ||     2
       Distracted        |       |     1 ||     1
